cohdb
Replays
Latest Replays
All Replays
Popular Replays
Top Player Replays
Match Explorer
How It Works
Community
CoH3 Stats
Reddit
Sign in to upload your games and track your stats! →
Sign in with Steam
Match 43374120
Unlisted
Match 43374120
Overview
Messages
Build Orders
End
Royal Engineer Section
Construct Section Command Post
Infantry Section
Infantry Section
Grenade Package
ML 3-inch Mortar Team
Infantry Section
Vickers Machine Gun Team
Construct Field Infirmary
Construct Platoon Command Post
Selects Air and Sea Battlegroup
Selects Supply Surplus
Selects Commando Section Paradrop
CMP 15cwt Truck
Construct Company Command Post
Unlock M3 Grant Medium Tanks
M3 Grant Medium Tank
M3 Grant Medium Tank
Royal Engineer Section
Royal Engineer Section
Selects Commando Support Section Paradrop
Selects Anti-tank Rocket Loiter
Selects Commando Support Section Paradrop
Selects Anti-tank Rocket Loiter
Anti-tank Rocket Loiter
Commando Section Paradrop
M3 Grant Medium Tank
Selects UNKNOWN (223837)
[PD] PragerSchinken
tadeosotomayor9
Slavija
lojkin
Weers
[82AD] PaulVmax
zerXsen
Master_Haski
0
0
Comments
sign in to comment!
No comments posted yet!